 Dungeon Crawl Stone Soup version 0.17.0 (webtiles) character file.

157370 ventricule the Shatterer (level 17, -2/193 HPs)
             Began as an Ogre Berserker on Nov 6, 2015.
             Was the Champion of Trog.
             Slain by a merfolk impaler
             ... wielding a +2 broad axe of flaming
              (3 damage)
             ... on level 4 of the Shoals on Nov 7, 2015.
             The game lasted 02:06:31 (41915 turns).

ventricule the Shatterer (Ogre Berserker)          Turns: 41915, Time: 02:06:36

Health: -2/193     AC:  8    Str: 26    XL:     17   Next: 69%
Magic:  17/17      EV: 23    Int: 10    God:    Trog [******]
Gold:   1486       SH:  0    Dex: 14    Spells: 0 memorised, 16 levels left

rFire  . . .     SeeInvis +     W - +6 giant spiked club
rCold  + . .     Clarity  .     X - +1 robe {rC+}
rNeg   . . .     SustAt   .     (shield currently unavailable)
rPois  .         Gourm    .     V - +3 crown of Dyrovepreva {rElec Int+2 SInv}
rElec  +         Spirit   .     C - +0 cloak
rCorr  +         Warding  .     (gloves unavailable)
rMut   .         Stasis   .     (boots unavailable)
MR     +....                    b - amulet of resist corrosion
Stlth  +.........               Q - ring of flight
                                m - +6 ring of evasion

@: flying, very slightly contaminated, somewhat resistant to hostile
enchantments, very unstealthy
A: unfitting armour, agile 1, tough skin 1
a: Berserk, Trog's Hand, Brothers in Arms, Burn Spellbooks, Renounce Religion,
Stop Flying


You were on level 4 of the Shoals.
You worshipped Trog.
Trog was exalted by your worship.
You were hungry.

You visited 5 branches of the dungeon, and saw 32 of its levels.
You also visited: Labyrinth and Sewer.

You collected 3638 gold pieces.
You spent 2055 gold pieces at shops.


Innate Abilities, Weirdness & Mutations

You are too large for most types of armour.
You have tough skin (AC +1).
You are agile. (Dex +2)


   Skills:
 + Level 17.7 Fighting
 - Level 24.0 Maces & Flails
 + Level 13.2 Throwing
 - Level 2.0 Armour
 + Level 12.7 Dodging
 - Level 0.1 Stealth
 - Level 1.3 Unarmed Combat


You had 16 spell levels left.
You didn't know any spells.

Inventory:

Hand Weapons
 s - a +5 dire flail of holy wrath
 W - a +6 giant spiked club (weapon)
Missiles
 o - 22 curare-tipped needles {=f}
 B - 5 throwing nets {=f}
Armour
 C - a +0 cloak (worn)
 K - a +0 troll leather armour
 V - the +3 crown of Dyrovepreva (worn) {rElec Int+2 SInv}
   (You found it on level 14 of the Dungeon)

   It affects your intelligence (+2).
   It insulates you from electricity.
   It lets you see invisible.
 X - a +1 robe of cold resistance (worn)
Jewellery
 b - an amulet of resist corrosion (around neck)
 g - a +6 ring of dexterity
 m - a +6 ring of evasion (left hand)
 n - an amulet of stasis
 w - a ring of protection from cold
 z - a +3 ring of protection
 D - the ring "Fenwum" {rPois rC+ MP+9 Str-4 Dex-3}
   (You took it off a minotaur in a labyrinth)

   [ring of magical power]

   It affects your strength (-4).
   It affects your dexterity (-3).
   It protects you from cold.
   It protects you from poison.
   It affects your magic capacity (+9).
 E - a ring of protection from fire
 L - a ring of positive energy
 Q - a ring of flight (right hand)
Wands
 f - a wand of disintegration (14)
 A - a wand of teleportation (2) {!d@v4}
 F - a wand of heal wounds (5) {!d@v2}
 G - a wand of fire (11)
 I - a wand of heal wounds (0) {!d@v2}
 Y - a wand of digging (7)
Scrolls
 a - a scroll of fog
 e - 7 scrolls of recharging
 j - 7 scrolls of magic mapping
 r - 3 scrolls of fear
 M - 11 scrolls of remove curse
 N - 2 scrolls of blinking
 U - 4 scrolls of teleportation {@r4}
Potions
 d - 3 potions of heal wounds {@q2}
 i - 5 potions of flight
 k - 2 potions of berserk rage {!q}
 l - 14 potions of curing {@q1}
 p - 4 potions of brilliance
 q - 3 potions of haste {@q3}
 t - 2 potions of magic
 u - 7 potions of might
 v - 2 potions of resistance
 x - a potion of cancellation
 O - 4 potions of agility
 Z - a potion of cure mutation
Miscellaneous
 h - an ornate deck of wonders {the Mercenary, drawn: 2}
 y - a legendary deck of defence {the Shaft, drawn: 1}
 J - an ornate deck of defence {the Banshee}
Comestibles
 c - 14 bread rations
 H - 3 chunks of flesh
 S - 16 beef jerkies
 T - 7 meat rations

Dungeon Overview and Level Annotations

Branches:
Dungeon (15/15)            Temple (0/1) D:5            Lair (8/8) D:9
 Shoals (4/4) Lair:3        Snake (1/4) Lair:5        Slime (0/6) Lair:7
    Orc (4/4) D:9             Elf (0/3) Orc:4        Vaults (0/5) D:14
 Depths (0/5) D:15

Altars:
Ashenzari
Cheibriados
Fedhas
Gozag
Kikubaaqudgha
Makhleb
Nemelex Xobeh
Okawaru
Sif Muna
Trog
Vehumet
Xom
Yredelemnul
Zin

Shops:
D:14 }*(?%   Orc:4 !*((   Shoals:1 }   Shoals:2 ( Shoals:4

%
≈≈≈≈≈.P≈≈.......(..≈≈≈≈≈≈≈≈≈≈≈≈≈≈
≈≈≈≈≈≈≈PP≈≈.#####..≈≈≈≈≈≈≈≈≈≈≈≈≈≈
≈≈≈≈≈≈≈≈≈P≈.## ##.≈≈≈≈≈≈≈≈≈≈≈≈≈≈
≈≈≈≈≈≈≈≈≈≈≈≈.# #.)≈≈≈≈≈≈≈≈≈≈≈≈≈
PPP≈≈≈≈≈≈PP≈.### #.≈≈≈≈≈†≈≈≈≈≈≈≈≈
PP≈≈≈≈≈≈≈≈≈≈≈..###.≈)≈≈≈≈≈≈≈≈≈≈≈≈
)PP≈≈≈≈≈≈≈≈≈≈≈.##..≈≈≈PP.≈≈≈≈≈≈≈≈
.(≈≈≈≈≈P≈≈≈≈≈≈≈...≈≈≈≈.<...≈≈≈≈≈≈
###≈≈≈≈≈Pm≈≈≈≈≈mO≈≈PP≈####P≈≈≈≈≈≈
.≈##≈≈≈PP≈≈≈≈≈≈≈≈≈≈≈..# ##.≈≈≈≈≈≈
≈≈≈#....≈≈≈≈≈≈≈≈≈≈≈≈..###.PP≈(≈≈≈
[≈≈(....#.≈≈≈≈≈≈≈≈≈≈≈P.P....≈≈≈≈(
≈≈≈#.......≈≈≈≈≈≈≈≈≈≈≈P.P..P.P.(≈
≈≈##((.....≈≈≈≈≈≈≈≈≈≈≈≈≈≈≈≈....((
###.((....≈≈≈≈≈≈≈(≈≈≈≈≈≈≈≈....≈≈≈
.)..≈≈...≈≈≈≈≈≈)≈[..≈≈≈≈≈≈≈≈≈≈≈≈≈
....≈≈)..≈≈≈≈≈≈≈≈.#..≈≈≈≈≈≈≈≈≈≈≈≈


You could see a merfolk impaler and a water nymph.


Message History

You fly up into the air.
You feel somewhat more hungry.
The water nymph touches the plant!
The water nymph touches the plant.
The water nymph casts a spell at you. The water rises up and strikes you!
* * * LOW HITPOINT WARNING * * *
The drowned soul returns to the deep!
The water nymph points at you and mumbles some strange words.
The water rises up and strikes you!
* * * LOW HITPOINT WARNING * * *
The water nymph points at you and mumbles some strange words.
The water rises up and strikes you!
* * * LOW HITPOINT WARNING * * *
The merfolk aquamancer mumbles some strange words.
The merfolk aquamancer blinks!
The water nymph gestures at you while chanting.
The water rises up and strikes you!
* * * LOW HITPOINT WARNING * * *
The water nymph casts a spell at you. The water rises up and strikes you!
* * * LOW HITPOINT WARNING * * *
Drink which item? (? for menu, Esc to quit)
You feel much better.
The water nymph points at you and mumbles some strange words.
The water rises up and strikes you!
* * * LOW HITPOINT WARNING * * *
The merfolk impaler hits you with a broad axe of flaming!
* * * LOW HITPOINT WARNING * * *
The merfolk impaler burns you.
You die...

Action                   |  1- 3 |  4- 6 |  7- 9 | 10-12 | 13-15 | 16-18 || total
-------------------------+-------+-------+-------+-------+-------+-------++-------
Melee: Mace              |    95 |   172 |   365 |   195 |       |       ||   827
       Giant spiked club |       |       |    67 |   570 |  1491 |   615 ||  2743
Throw: Javelin           |       |       |       |       |     4 |     1 ||     5
       Large rock        |       |       |       |       |       |    99 ||    99
Invok: Berserk           |     1 |     4 |    12 |     7 |    16 |     3 ||    43
       Burn Spellbooks   |       |       |     2 |     3 |     3 |     2 ||    10
       Trog's Hand       |       |       |       |     1 |     8 |     5 ||    14
       Brothers in Arms  |       |       |       |       |       |     2 ||     2
 Abil: Evoke Flight      |       |       |       |       |       |    14 ||    14
Evoke: Wand              |       |       |       |     1 |       |     6 ||     7
       Deck              |       |       |       |       |     2 |     1 ||     3
  Use: Scroll            |     1 |     4 |     5 |    19 |    20 |    15 ||    64
       Potion            |       |       |     2 |     1 |       |     3 ||     6
 Stab: Sleeping          |       |       |       |     1 |     2 |       ||     3
       Distracted        |       |       |       |     2 |     1 |     3 ||     6
  Eat: Chunk             |     1 |     3 |    16 |    28 |    60 |    24 ||   132
       Pizza             |     1 |       |       |       |     3 |     4 ||     8
       Meat ration       |       |     1 |     2 |     2 |       |       ||     5
       Bread ration      |       |       |     1 |       |     2 |       ||     3
       Royal jelly       |       |       |       |     1 |       |       ||     1
       Fruit             |       |       |       |       |     4 |     5 ||     9
       Beef jerky        |       |       |       |       |       |     3 ||     3

Vault maps used:
D:1:      lordsloth_arrival_two_stooges
D:3:      overflow_temple_1_default, gup_sewer_entry_spiral,
          kennysheep_small_spiral, grunt_ministairs_1, uniq_terence,
          uniq_natasha
D:4:      nicolae_overflow_hidden_temple, cheibriados_altar_1, uniq_duvessa
D:5:      lemuel_round_altar, minmay_temple_entry_mist, first_bread,
          kennysheep_nondescript, uniq_crazy_yiuf_cottage, uniq_prince_ribbit1,
          uniq_pikel
D:6:      marbit_many_paths, basic_altar, st_stairs_10, ldierk_geyser,
          minmay_misc_feat_encased, uniq_edmund
D:7:      kennysheep_vampire_church, lemuel_crystal_altar,
          overflow_temple_1_default, kennysheep_generic_room_13
D:8:      lemuel_crystal_altar, lemuel_round_altar
D:9:      david_lair_shrubbed, blue_anna_alchemist, xom_shifter_show
D:10:     uniq_joseph
D:11:     serial_park_tiny_pond
D:13:     okawaru_ov_weapons_minmay, uniq_sonja, uniq_urug, uniq_maud,
          uniq_kirke
D:14:     lightli_vaults_fourway_checkpoint, serial_shops, shop, shop, shop,
          kennysheep_mini_moat, shop, minmay_misc_feat_x, onia_ninara_cookie
D:15:     grunt_enter_depths_snipers, minmay_crystal_room,
          nicolae_lava_and_water, trog_wizard
Lair:2:   lab_entry_generic, grunt_megastairs_3
Lair:3:   elwin_shoals_entry_stream
Lair:4:   basic_altar
Lair:5:   minmay_snake_entry_guardpost_medium, worms_lemuel
Lair:6:   columned_hall_lemuel, beast_lair_carwin_2, lemuel_fruit_tree
Lair:7:   slime_dummy, basic_altar
Lair:8:   hangedman_lair_caniforms_friends, wormcave, grunt_megastairs_4
Shoals:1: serial_shops, nicolae_shop_stone
Shoals:2: serial_shops, shop
Shoals:3: nicolae_shoals_square_sea_wall
Shoals:4: serial_shops, shop, shoals_end_simple, shoals_ilsuiw_alternative
Snake:1:  serial_curves, eino_curves_02, eino_curves_01
Orc:1:    basic_altar, minmay_orc_keep
Orc:2:    uniq_rupert
Orc:3:    nicolae_orc_pool_cavern, uniq_erolcha
Orc:4:    st_orc_elflike
Lab:      labyrinth_watery, nicolae_lab_stuck
Sewer:    sewer_minmay_w

Notes
Turn   | Place    | Note
--------------------------------------------------------------
     0 | D:1      | ventricule the Ogre Berserker began the quest for the Orb.
     0 | D:1      | Reached XP level 1. HP: 24/24 MP: 1/1
   249 | D:1      | Reached XP level 2. HP: 30/32 MP: 2/2
  1150 | D:2      | Reached XP level 3. HP: 40/40 MP: 3/3
  1346 | D:2      | Reached ** piety under Trog
  1520 | D:2      | Reached skill level 5 in Maces & Flails
  1697 | D:3      | Noticed Natasha
  1705 | D:3      | Killed Natasha
  1705 | D:3      | Reached XP level 4. HP: 49/49 MP: 4/4
  1717 | D:3      | Noticed Natasha
  1730 | D:3      | Killed Natasha
  1730 | D:3      | Reached skill level 6 in Maces & Flails
  1763 | D:3      | Noticed Natasha
  1769 | D:3      | Killed Natasha
  1933 | D:3      | Found a burning altar of Makhleb.
  2027 | D:3      | Reached *** piety under Trog
  2037 | D:3      | Found a glowing drain.
  2042 | Sewer    | Entered a sewer
  2042 | Sewer    | Noticed Britaniac's ghost (amateur NaTm)
  2055 | Sewer    | Killed Britaniac's ghost
  2055 | Sewer    | Reached skill level 8 in Maces & Flails
  2055 | Sewer    | Reached XP level 5. HP: 55/55 MP: 5/5
  2055 | Sewer    | Reached XP level 6. HP: 63/63 MP: 6/6
  2654 | Sewer    | Reached **** piety under Trog
  2716 | Sewer    | Reached skill level 9 in Maces & Flails
  2731 | Sewer    | Noticed a giant frog
  2731 | Sewer    | Noticed a giant frog
  2737 | Sewer    | Killed a giant frog
  2740 | Sewer    | Killed a giant frog
  2740 | Sewer    | Reached XP level 7. HP: 48/71 MP: 7/7
  3393 | D:3      | Noticed Terence
  3418 | D:3      | Killed Terence
  3418 | D:3      | Reached skill level 10 in Maces & Flails
  3665 | D:4      | Reached skill level 3 in Dodging
  3903 | D:4      | Reached skill level 5 in Fighting
  3903 | D:4      | Reached skill level 1 in Unarmed Combat
  4077 | D:4      | Noticed Dowan
  4078 | D:4      | Noticed Duvessa
  4114 | D:4      | Killed Dowan
  4197 | D:4      | Killed Duvessa
  4197 | D:4      | Reached XP level 8. HP: 83/83 MP: 8/8
  4374 | D:4      | Reached skill level 4 in Dodging
  4685 | D:4      | Reached skill level 6 in Fighting
  4834 | D:4      | Found a glowing silver altar of Zin.
  4836 | D:4      | Found a blossoming altar of Fedhas.
  4933 | D:4      | Found a snail-covered altar of Cheibriados.
  5514 | D:5      | Entered Level 5 of the Dungeon
  5724 | D:5      | Reached ***** piety under Trog
  5738 | D:5      | Reached skill level 7 in Fighting
  5738 | D:5      | Reached skill level 11 in Maces & Flails
  5883 | D:5      | Found a staircase to the Ecumenical Temple.
  5892 | D:5      | Noticed Prince Ribbit
  5911 | D:5      | Noticed Pikel
  5916 | D:5      | Killed Prince Ribbit
  5916 | D:5      | Reached skill level 12 in Maces & Flails
  5916 | D:5      | Reached XP level 9. HP: 93/93 MP: 9/9
  6317 | D:5      | Found a basalt altar of Yredelemnul.
  6585 | D:5      | Killed Pikel
  6585 | D:5      | Reached skill level 13 in Maces & Flails
  6887 | D:5      | Noticed Crazy Yiuf
  6891 | D:5      | Killed Crazy Yiuf
  7302 | D:6      | Reached skill level 14 in Maces & Flails
  7393 | D:6      | Found a blossoming altar of Fedhas.
  7468 | D:6      | Noticed Edmund
  7486 | D:6      | Killed Edmund
  8267 | D:6      | Reached skill level 15 in Maces & Flails
  8318 | D:6      | Reached XP level 10. HP: 102/102 MP: 10/10
  8594 | D:6      | Found a deep blue altar of Sif Muna.
  8698 | D:6      | Received a gift from Trog
  8943 | D:7      | Found an iron altar of Okawaru.
  9144 | D:7      | Reached skill level 5 in Dodging
  9256 | D:7      | Reached skill level 1 in Armour
  9606 | D:7      | Found a radiant altar of Vehumet.
  9995 | D:7      | Found an ancient bone altar of Kikubaaqudgha.
 10077 | D:8      | Reached skill level 8 in Fighting
 10079 | D:8      | Found a shattered altar of Ashenzari.
 10110 | D:7      | Received a gift from Trog
 10110 | D:7      | Reached skill level 2 in Armour
 10422 | D:7      | Reached skill level 16 in Maces & Flails
 10873 | D:8      | Reached skill level 6 in Dodging
 11030 | D:8      | Found a sparkling altar of Nemelex Xobeh.
 11063 | D:8      | Identified a scroll of acquirement
 11066 | D:8      | Got a bloodstained large shield
 11073 | D:8      | Identified the +8 large shield of Zucout {rPois MR- Str+2} (You acquired it on level 8 of the Dungeon)
 11315 | D:9      | Found a shimmering altar of Xom.
 11318 | D:9      | Found a staircase to the Orcish Mines.
 11320 | D:9      | Found a shimmering altar of Xom.
 11320 | D:9      | Found a shimmering altar of Xom.
 11320 | D:9      | Found a shimmering altar of Xom.
 11321 | D:9      | Found a shimmering altar of Xom.
 11321 | D:9      | Found a shimmering altar of Xom.
 11321 | D:9      | Found a shimmering altar of Xom.
 11638 | D:9      | Noticed a fire crab
 11638 | D:9      | an eye of draining changed into a fire crab
 11652 | D:9      | Found a staircase to the Lair.
 12106 | D:10     | Entered Level 10 of the Dungeon
 12106 | D:10     | Noticed a hill giant
 12113 | D:10     | Killed a hill giant
 12113 | D:10     | Reached skill level 7 in Dodging
 12113 | D:10     | Reached XP level 11. HP: 111/111 MP: 11/11
 12190 | D:10     | Received a gift from Trog
 12600 | D:10     | Noticed Joseph
 12614 | D:10     | Killed Joseph
 12811 | D:10     | Reached skill level 17 in Maces & Flails
 13456 | D:9      | Noticed a ghost crab
 13493 | Lair:1   | Entered Level 1 of the Lair of Beasts
 13675 | Lair:1   | Reached skill level 8 in Dodging
 13909 | Lair:1   | Identified 2 potions of resistance
 14846 | Lair:2   | Found a labyrinth entrance.
 14886 | Lab      | Entered a labyrinth
 15241 | Lab      | Noticed a minotaur
 15247 | Lab      | Killed a minotaur
 15249 | Lab      | Got an ancient silver ring
 15377 | Lab      | Identified the ring "Fenwum" {rPois rC+ MP+9 Str-4 Dex-3} (You took it off a minotaur in a labyrinth)
 15518 | Lair:2   | Reached skill level 18 in Maces & Flails
 15518 | Lair:2   | Reached skill level 9 in Dodging
 16037 | Lair:2   | Reached XP level 12. HP: 102/119 MP: 12/12
 16165 | Lair:2   | Received a gift from Trog
 16981 | Lair:2   | Reached skill level 10 in Dodging
 17257 | Lair:3   | Found a staircase to the Shoals.
 17322 | Lair:3   | Reached skill level 19 in Maces & Flails
 17618 | Lair:3   | Noticed a death yak
 17619 | Lair:3   | Noticed a death yak
 17619 | Lair:3   | Noticed a death yak
 17620 | Lair:3   | Noticed a death yak
 17621 | Lair:3   | Noticed a death yak
 17635 | Lair:3   | Noticed a death yak
 17640 | Lair:3   | Killed a death yak
 17643 | Lair:3   | Killed a death yak
 17648 | Lair:3   | Killed a death yak
 17653 | Lair:3   | Killed a death yak
 17655 | Lair:3   | Killed a death yak
 17655 | Lair:3   | Reached skill level 11 in Dodging
 18562 | Lair:3   | Killed a death yak
 18562 | Lair:3   | Received a gift from Trog
 18562 | Lair:3   | Reached XP level 13. HP: 28/127 MP: 13/13
 19242 | Lair:4   | Reached skill level 1 in Throwing
 19323 | Lair:4   | Reached skill level 20 in Maces & Flails
 19457 | Lair:4   | Reached skill level 2 in Throwing
 19463 | Lair:4   | Hired Suitwyzuta the big kobold for 97 gold.
 19596 | Lair:4   | Found an opulent altar of Gozag.
 19827 | Lair:5   | Your ally Suitwyzuta died
 19879 | Lair:5   | Found a staircase to the Snake Pit.
 19909 | Lair:5   | Reached skill level 3 in Throwing
 20126 | Lair:5   | Reached skill level 9 in Fighting
 20533 | Lair:5   | Reached skill level 4 in Throwing
 21735 | Lair:5   | Reached ****** piety under Trog
 21790 | Lair:5   | Reached skill level 10 in Fighting
 21846 | Lair:5   | Reached skill level 5 in Throwing
 22342 | Snake:1  | Entered Level 1 of the Snake Pit
 22596 | Lair:5   | Received a gift from Trog
 23693 | Lair:6   | Reached skill level 6 in Throwing
 23710 | Lair:6   | Reached skill level 11 in Fighting
 23710 | Lair:6   | Reached XP level 14. HP: 115/146 MP: 14/14
 24155 | Lair:6   | Reached skill level 21 in Maces & Flails
 24836 | Lair:6   | Reached skill level 7 in Throwing
 25869 | Lair:7   | Received a gift from Trog
 25884 | Lair:7   | Reached skill level 12 in Fighting
 26006 | Lair:7   | Found a burning altar of Makhleb.
 26023 | Lair:7   | Got a steaming mace
 26024 | Lair:7   | Identified the +3 mace "Nuarogen" {antimagic, +Rage rC+} (You found it on level 7 of the Lair of Beasts)
 26272 | Lair:7   | Found a staircase to the Slime Pits.
 26668 | Lair:8   | Entered Level 8 of the Lair of Beasts
 27063 | Lair:8   | Reached skill level 8 in Throwing
 27115 | Lair:8   | Received a gift from Trog
 27118 | Lair:8   | Got a smoking hunting sling {god gift}
 27132 | Lair:8   | Identified the +10 hunting sling of Zaacren {freeze, Dex+6} (Trog gifted it to you on level 8 of the Lair of Beasts)
 27311 | Lair:8   | Reached skill level 13 in Fighting
 27819 | Lair:8   | Reached skill level 9 in Throwing
 27819 | Lair:8   | Reached XP level 15. HP: 161/161 MP: 15/15
 27953 | Lair:8   | Received a gift from Trog
 28366 | Lair:8   | Found a runed door.
 28373 | Lair:8   | Reached skill level 22 in Maces & Flails
 28386 | Lair:8   | Paralysed by a wasp for 1 turns
 28512 | Lair:8   | Received a gift from Trog
 28682 | Lair:8   | Reached skill level 14 in Fighting
 28738 | Lair:8   | Gained mutation: You are agile. (Dex +2) [helix card]
 29056 | Orc:1    | Entered Level 1 of the Orcish Mines
 29734 | Orc:3    | Noticed Erolcha
 29747 | Orc:3    | Killed Erolcha
 29819 | Orc:3    | Received a gift from Trog
 29968 | Orc:2    | Noticed Rupert
 29978 | Orc:2    | Killed Rupert
 30165 | Orc:1    | Found a radiant altar of Vehumet.
 30401 | Orc:2    | Received a gift from Trog
 30566 | Orc:1    | Got a silken robe
 30577 | Orc:1    | Identified the +0 robe of Winter {-Tele rF+ Regen+} (You took it off an orc on level 1 of the Orcish Mines)
 30641 | Orc:4    | Entered Level 4 of the Orcish Mines
 30722 | Orc:4    | Found a staircase to the Elven Halls.
 30743 | Orc:4    | Found Rant's Antique Weapon Emporium.
 30762 | Orc:4    | Reached skill level 10 in Throwing
 30903 | Orc:4    | Paralysed by an orc sorcerer for 7 turns
 31314 | Orc:4    | Received a gift from Trog
 31410 | Orc:4    | Found Suan's Distillery.
 31411 | Orc:4    | Found Besereh's General Store.
 31530 | Orc:4    | Found Evu Notu's Weapon Shop.
 31544 | Orc:4    | Bought a potion of might for 48 gold pieces
 31544 | Orc:4    | Bought a wand of digging (7) for 264 gold pieces
 31548 | Orc:4    | Bought a potion of curing for 42 gold pieces
 31548 | Orc:4    | Bought a potion of haste for 140 gold pieces
 31548 | Orc:4    | Bought a potion of curing for 42 gold pieces
 31548 | Orc:4    | Bought a potion of curing for 42 gold pieces
 31548 | Orc:4    | Bought a potion of curing for 42 gold pieces
 31548 | Orc:4    | Bought a potion of agility for 56 gold pieces
 32190 | D:11     | Noticed an unseen horror
 32198 | D:11     | Killed an unseen horror
 32694 | D:12     | Received a gift from Trog
 32968 | D:12     | Reached skill level 15 in Fighting
 33018 | D:12     | Received a gift from Trog
 33433 | D:13     | Found an iron altar of Okawaru.
 33696 | D:13     | Noticed Maud
 33696 | D:13     | Noticed Kirke
 33714 | D:13     | Killed Kirke
 33721 | D:13     | Killed Maud
 33721 | D:13     | Reached skill level 11 in Throwing
 33817 | D:13     | Noticed Sonja
 33819 | D:13     | Reached XP level 16. HP: 142/176 MP: 16/16
 33823 | D:13     | Killed Sonja
 34129 | D:13     | Noticed Urug
 34135 | D:13     | Killed Urug
 34656 | D:14     | Received a gift from Trog
 34886 | D:14     | Found Hutreagu's Food Shop.
 34895 | D:14     | Reached skill level 23 in Maces & Flails
 34908 | D:14     | Bought a bread ration for 55 gold pieces
 34908 | D:14     | Bought a meat ration for 55 gold pieces
 34908 | D:14     | Bought a bread ration for 55 gold pieces
 34908 | D:14     | Bought a bread ration for 55 gold pieces
 34908 | D:14     | Bought a meat ration for 55 gold pieces
 34924 | D:14     | Found a gate to the Vaults.
 35097 | D:14     | Received a gift from Trog
 35120 | D:14     | Reached skill level 16 in Fighting
 35214 | D:14     | Found Jiro's Magic Scroll Shop.
 35308 | D:14     | Bought a scroll of teleportation for 51 gold pieces
 35308 | D:14     | Bought a scroll of enchant armour for 127 gold pieces
 35308 | D:14     | Bought a scroll of teleportation for 51 gold pieces
 35308 | D:14     | Bought a scroll of identify for 34 gold pieces
 35308 | D:14     | Bought a scroll of torment for 127 gold pieces
 35308 | D:14     | Bought a scroll of identify for 34 gold pieces
 35498 | D:14     | Reached skill level 12 in Throwing
 35673 | D:14     | Found Cawy's Weapon Shop.
 35761 | D:14     | Found Gaetz's General Store.
 35782 | D:14     | Found Duemyrgh's Gadget Emporium.
 35927 | D:14     | Bought a legendary deck of defence for 260 gold pieces
 35927 | D:14     | Bought a wand of heal wounds (3) for 420 gold pieces
 36158 | D:15     | Entered Level 15 of the Dungeon
 36802 | D:15     | Found a staircase to the Depths.
 36971 | D:15     | Found a bloodstained altar of Trog.
 37733 | Shoals:1 | Entered Level 1 of the Shoals
 37793 | Shoals:1 | Found Owkimmio's Gadget Shoppe.
 37806 | Shoals:1 | Received a gift from Trog
 38005 | Shoals:1 | Reached XP level 17. HP: 138/189 MP: 17/17
 38500 | Shoals:2 | Reached skill level 12 in Dodging
 38753 | Shoals:2 | Found Uliuxir's Weapon Shop.
 38764 | Shoals:2 | Received a gift from Trog
 39316 | Shoals:3 | Reached skill level 17 in Fighting
 39324 | Shoals:3 | Received a gift from Trog
 40079 | Shoals:3 | Received a gift from Trog
 40314 | Shoals:4 | Entered Level 4 of the Shoals
 40716 | Shoals:4 | Noticed Ilsuiw
 40812 | Shoals:4 | Killed Ilsuiw
 40812 | Shoals:4 | Reached skill level 24 in Maces & Flails
 40869 | Shoals:4 | Received a gift from Trog
 40901 | Shoals:4 | Found Moyfro's Food Shoppe.
 41043 | Shoals:4 | Reached skill level 13 in Throwing
 41847 | Shoals:4 | Received a gift from Trog
 41915 | Shoals:4 | HP: 12/193 [water nymph/the raging water (38)]
 41915 | Shoals:4 | HP: 1/193 [merfolk impaler/broad axe of flaming (11)]
 41915 | Shoals:4 | Slain by a merfolk impaler

Vanquished Creatures
  Rupert (Orc:2)
  Kirke (D:13)
  Ilsuiw (Shoals:4)
  A frost giant (D:15)
  Maud (D:13)
  3 merfolk javelineers (Shoals:4)
  A minotaur (Lab)
  4 vault guards (D:14)
  4 merfolk impalers
  An ice dragon (Lair:8)
  Erolcha (Orc:3)
  14 hydras
  2 naga warriors (Snake:1)
  An alligator snapping turtle (Shoals:4)
  3 merfolk avatars
  4 centaur warriors
  2 satyrs (Shoals:4)
  2 merfolk aquamancers
  12 death yaks
  3 orc high priests (Orc:4)
  Urug (D:13)
  Sonja (D:13)
  5 unseen horrors
  6 sea snakes
  4 hill giants
  2 lindwurms (Lair:8)
  A harpy (Shoals:4)
  Pikel (D:5)
  6 orc knights
  5 cyclopes
  19 ugly things
  4 orc sorcerers (Orc:4)
  9 manticores
  12 fauns
  5 elephants
  8 griffons
  5 water nymphs
  5 centaur zombies
  12 sirens
  Joseph (D:10)
  5 torpor snails (Lair:8)
  An oklob plant (Lair:3)
  4 black mambas
  21 spiny frogs
  3 gargoyles
  A kobold demonologist (D:13)
  A redback zombie (D:14)
  A tengu conjurer (D:14)
  A yaktaur (shapeshifter) (D:14)
  9 komodo dragons
  2 fire drakes (Lair:7)
  3 trolls
  24 blink frogs
  12 polar bears
  13 merfolk
  A two-headed ogre (D:11)
  2 boulder beetles (Lair:7)
  Prince Ribbit (D:5)
  3 giant leeches (Lair:8)
  3 wind drakes
  7 snapping turtles
  A trapdoor spider zombie (D:13)
  A harpy skeleton (D:14)
  2 raiju (Lair:8)
  3 wraiths
  2 wyverns
  2 shadows
  52 yaks
  5 water elementals
  A hog (shapeshifter) (D:14)
  2 basilisks
  The ghost of Britaniac the Changer, an amateur NaTm (Sewer)
  2 deep elf magi
  3 hungry ghosts (D:14)
  2 vampire mosquitoes (D:15)
  A hog (D:13)
  13 hippogriffs
  9 wargs
  16 wolves
  Edmund (D:6)
  3 mottled dragons
  A soldier ant (D:13)
  12 swamp worms (Lair:5)
  6 nagas
  Duvessa (D:4)
  17 water moccasins
  4 hell hounds (Lair:8)
  7 porcupines
  2 sky beasts
  An eye of draining (D:12)
  25 orc warriors
  2 ice beasts
  2 slaves (D:5)
  2 phantoms
  16 black bears
  2 wasps (Lair:8)
  20 ogres
  18 crocodiles
  12 centaurs
  2 big kobolds (D:9)
  6 brain worms
  30 giant frogs
  2 wyvern zombies (D:14)
  A wyvern skeleton (D:14)
  8 scorpions
  Dowan (D:4)
  2 vampire bats (D:7)
  12 killer bees
  3 wights (D:13)
  A lava snake (D:15)
  7 crimson imps
  A quasit (D:10)
  30 orc priests
  3 giant frog skeletons
  2 jellies
  Crazy Yiuf (D:5)
  A giant frog zombie (D:8)
  19 hounds
  21 orc wizards
  14 worker ants
  Terence (D:3)
  Natasha (thrice) (D:3)
  5 centaur skeletons
  11 iguanas
  19 sheep
  A killer bee zombie (D:5)
  A hound zombie (D:5)
  2 hound skeletons
  A worker ant zombie (D:7)
  95 river rats
  14 adders
  5 gnolls
  3 shadow imps
  An adder zombie (D:5)
  An adder skeleton (D:5)
  27 worms
  9 giant geckos
  130 orcs
  3 bat skeletons (D:7)
  A bat zombie (D:7)
  9 giant cockroaches
  4 goblins
  11 hobgoblins
  3 quokkas
  17 ball pythons
  8 bats
  A giant gecko zombie (D:6)
  8 giant newts
  27 jackals
  A jackal skeleton (D:5)
  16 kobolds
  2 quokka skeletons (D:4)
  33 rats
  6 plants
1210 creatures vanquished.

Vanquished Creatures (collateral kills)
  A merfolk impaler (Shoals:4)
1 creature vanquished.

Vanquished Creatures (others)
  A wizard (D:15)
  4 humans (D:13)
  A centaur (D:5)
  A big kobold (Lair:5)
  A hound (D:5)
  An ooze (D:6)
  A bush (Lair:8)
  27 fungi
  26 plants
63 creatures vanquished.

Grand Total: 1274 creatures vanquished
